 Dungeon Crawl Stone Soup version 0.27-a0-223-ge082b6e869 (webtiles) character file.

Game seed: 15473470040925499044

930 puppykicker the Chiller (level 8, 0/58 HPs)
             Began as a Human Ice Elementalist on Feb 1, 2021.
             Was an Initiate of Sif Muna.
             Slain by an orc warrior
             ... wielding a +0 hand axe
              (7 damage)
             ... on level 6 of the Dungeon.
             The game lasted 00:20:23 (5697 turns).

puppykicker the Chiller (Human Ice Elementalist)    Turns: 5697, Time: 00:20:23

Health: 0/58       AC:  6    Str: 10    XL:     8   Next: 32%
Magic:  10/13      EV: 11    Int: 23    God:    Sif Muna [......]
Gold:   223        SH:  0    Dex: 13    Spells: 6/14 levels left

rFire    . . .     SeeInvis +   a - +1 trident
rCold    . . .     Faith    .   (no shield)
rNeg     . . .     Spirit   .   p - +0 ring mail
rPois    .         Reflect  .   (no helmet)
rElec    .         Harm     .   c - +0 cloak
rCorr    .         Rampage  .   (no gloves)
Will     .....                  (no boots)
Stlth    +.........             (no amulet)
HPRegen  0.19/turn              S - ring of see invisible
MPRegen  0.13/turn              u - +6 ring of intelligence

@: frozen ramparts
A: no striking features
a: Renounce Religion


You were on level 6 of the Dungeon.
You worshipped Sif Muna.
Sif Muna was noncommittal.
You visited 2 branches of the dungeon, and saw 7 of its levels.

You collected 223 gold pieces.

Inventory:

Hand Weapons
 a - a +1 trident (weapon)
 b - a +2 dagger of venom
 w - a +0 hunting sling
 D - a +0 halberd
Missiles
 n - 99 arrows
 o - a throwing net
 r - 18 poisoned darts (quivered)
 v - 35 sling bullets
 Q - 70 bolts
Armour
 c - a +0 cloak (worn)
 p - a +0 ring mail (worn)
 q - a +0 scale mail
Jewellery
 d - an uncursed ring of fire {rF+, rC-}
 u - a +6 ring of intelligence (right hand)
 C - an uncursed ring of resist corrosion
 S - a ring of see invisible (left hand)
Wands
 i - a wand of iceblast (6)
 F - a wand of flame (18)
Scrolls
 m - 2 scrolls of enchant weapon
 s - 4 scrolls of enchant armour
 t - 2 scrolls of teleportation
 x - 2 scrolls of amnesia
 z - 3 scrolls of remove curse
 A - a scroll of immolation {unknown}
 B - 4 scrolls of blinking {!r}
Potions
 e - a potion of heal wounds
 f - a potion of magic
 g - a potion of lignification {!q}
 h - 2 potions of might
 j - 4 potions of curing
 k - a potion of attraction {!q}
 l - 3 potions of flight
 y - a potion of haste
 E - a potion of mutation {unknown}


   Skills:
 + Level 3.0 Fighting
 + Level 2.4 Polearms
 + Level 3.0 Armour
 + Level 3.6 Dodging
 - Level 2.0 Stealth
 + Level 3.5 Spellcasting
 + Level 1.9 Summonings
 * Level 6.3 Ice Magic
 + Level 0.3 Invocations
 + Level 0.2 Evocations


You had 6 spell levels left.
You knew the following spells:

 Your Spells              Type           Power        Failure   Level
a - Freeze                Ice            100%         1%          1
b - Frozen Ramparts       Ice            66%          6%          3
d - Summon Ice Beast      Ice/Summ       23%          43%         4

Your spell library contained the following spells:

 Spells                   Type           Power        Failure   Level
 Ozocubu's Armour         Ice            33%          6%          3
 Hailstorm                Conj/Ice       18%          58%         4


Dungeon Overview and Level Annotations

Branches:
Dungeon (6/15)             Temple (1/1) D:6

Altars:
Ashenzari
Cheibriados
Elyvilon
Fedhas
Gozag
Hepliaklqana
Kikubaaqudgha
Makhleb
Nemelex Xobeh
Qazlal
Ru
Sif Muna
Uskayaw
Vehumet
Wu Jian
Xom
Yredelemnul
Zin
The Shining One


Message History

MASSIVE DAMAGE!!
You hit the orc warrior but do no damage.
The orc warrior is poisoned.
The wall freezes the orc warrior.
The orc warrior barely misses you.
The wall freezes the orc warrior.
The wall freezes the black bear!
You kill the black bear!
Your Fighting skill increases to level 3!
Your Armour skill increases to level 3!
Unknown command.
You barely miss the orc warrior.
The wall freezes the orc warrior.
The orc warrior hits you with a +0 hand axe.
* * * LOW HITPOINT WARNING * * *
The wall freezes the orc warrior.
You take 6 damage, and have 7/58 hp.
Unknown command.
Your +2 dagger of venom stops dripping with poison.
a - a +1 trident (weapon)
The wall freezes the orc warrior.
The orc warrior hits you with a +0 hand axe!
You die...

.. #...#Z. #....#.. ..
##...J. #..###.. #.
#....# #....... #..
#...o# #.######
.##...#.$Z.####..
###.#....#
........rB.......
#...#.##.#
#########.######
#.#<..#.(.
#J###########.#......#
#.Zoo@........#.###.##
#############.#.......
#>#####.#. #.# #.#.
#.# #.## #.#####.#
#.......# #.#######
###


You could see 2 orc warriors, a jelly and a bullfrog skeleton.

Levels and vault maps discovered:
D:1:      scummos_arrival_forest, layout_basic
D:2:      layout_loops_corners, nicolae_overflow_crystal_walls
D:3:      layout_basic, uniq_crazy_yiuf_cottage, uniq_terence
D:4:      layout_loops_ring, overflow_temple_1_default,
          lemuel_coloured_pillars_altar, okawaru_altar_gauntlet_db,
          kennysheep_slug_shrine, gammafunk_ghost_grave
D:5:      layout_basic, lemuel_doored_altar
D:6:      minmay_recursive_quarters, layout_basic,
          minmay_temple_entry_stoned_glass, serial_shops, nicolae_shop_crystal
Temple:   eino_temple_lava

Notes
Turn   | Place    | Note
-------+----------+-------------------------------------------
     0 | D:1      | puppykicker the Human Ice Elementalist began the quest for
                  | the Orb.
     0 | D:1      | Reached XP level 1. HP: 13/13 MP: 3/3
    24 | D:1      | Identified a +0 short sword
    96 | D:1      | Identified a ring of resist corrosion (You found it on
                  | level 1 of the Dungeon)
   173 | D:1      | Identified a +0 club
   270 | D:1      | Identified a +0 club
   284 | D:1      | You fall into a shaft and drop 1 floor!
   373 | D:1      | Reached XP level 2. HP: 20/20 MP: 5/5
   560 | D:1      | Identified a cursed -3 short sword
   706 | D:1      | Identified a +0 dagger
   796 | D:1      | Identified a +0 club
   797 | D:1      | Identified 2 scrolls of enchant armour
   878 | D:1      | Reached XP level 3. HP: 23/25 MP: 2/6
   943 | D:1      | Identified a +0 leather armour (You found it on level 1 of
                  | the Dungeon)
   984 | D:1      | Identified a +0 club
  1014 | D:1      | Learned a level 3 spell: Frozen Ramparts
  1092 | D:1      | Identified a ring of fire (You found it on level 1 of the
                  | Dungeon)
  1345 | D:2      | Found an ancient bone altar of Kikubaaqudgha.
  1346 | D:2      | Identified 3 scrolls of identify
  1346 | D:2      | Identified a potion of might
  1347 | D:2      | Identified a potion of attraction
  1348 | D:2      | Identified a potion of lignification
  1439 | D:2      | Identified a potion of magic
  1454 | D:2      | Identified a +2 dagger of venom
  1493 | D:2      | HP: 6/25 [poisoned by a kobold]
  1703 | D:2      | Identified a +0 dagger
  1851 | D:2      | Reached skill level 1 in Fighting
  1851 | D:2      | Reached skill level 1 in Armour
  2152 | D:2      | Identified a +0 club
  2152 | D:2      | Identified a +0 spear
  2152 | D:2      | Identified a +0 flail
  2153 | D:2      | Identified a +0 halberd
  2165 | D:2      | Reached XP level 4. HP: 20/32 MP: 3/7
  2467 | D:3      | Identified a +0 short sword
  2573 | D:3      | Identified a +0 hand axe
  2573 | D:3      | Identified a +0 ring mail
  2573 | D:3      | Noticed Terence
  2574 | D:3      | Identified a +0 hand axe
  2574 | D:3      | Identified a +0 scale mail
  2594 | D:3      | Killed Terence
  2595 | D:3      | Reached XP level 5. HP: 37/37 MP: 2/8
  2634 | D:3      | Identified a +0 whip
  2642 | D:3      | Identified a +0 dagger
  2646 | D:3      | Identified a cursed -3 hand axe
  2646 | D:3      | Identified a +0 leather armour
  2788 | D:3      | Identified 2 potions of flight
  2793 | D:3      | Identified a +0 dagger
  2793 | D:3      | Identified a +0 robe
  2803 | D:3      | Reached skill level 5 in Ice Magic
  2921 | D:3      | Found a runed translucent door.
  2922 | D:3      | Identified a +2 quarterstaff of chaos
  2922 | D:3      | Identified a +0 cloak
  2922 | D:3      | Noticed Crazy Yiuf
  2988 | D:3      | Identified a +0 trident
  3004 | D:3      | Reached skill level 1 in Polearms
  3004 | D:3      | Identified a +0 mace
  3004 | D:3      | Identified a +0 dagger
  3004 | D:3      | Identified a +0 robe
  3012 | D:3      | Reached XP level 6. HP: 14/44 MP: 3/10
  3206 | D:3      | Identified a +0 whip
  3206 | D:3      | Identified a +6 ring of intelligence
  3282 | D:3      | Identified 3 scrolls of blinking
  3283 | D:3      | Identified 2 scrolls of teleportation
  3284 | D:3      | Identified 3 scrolls of enchant weapon
  3285 | D:3      | Identified a scroll of remove curse
  3342 | D:3      | Identified a cursed -2 whip
  3494 | D:3      | Learned a level 4 spell: Summon Ice Beast
  3578 | D:3      | Killed Crazy Yiuf
  3654 | D:4      | Reached skill level 2 in Armour
  3720 | D:4      | Found a stormy altar of Qazlal.
  3732 | D:4      | Identified a potion of heal wounds
  3769 | D:4      | Found a runed translucent door.
  3769 | D:4      | Noticed HendSelp's ghost (amateur HuFi)
  3923 | D:4      | Found a snail-covered altar of Cheibriados.
  3943 | D:4      | Reached skill level 2 in Fighting
  3943 | D:4      | Reached skill level 3 in Dodging
  3956 | D:4      | Identified 3 scrolls of amnesia
  3960 | D:4      | Identified a +0 giant club
  3960 | D:4      | Noticed an ogre
  3975 | D:4      | Killed an ogre
  3976 | D:4      | Reached skill level 3 in Spellcasting
  3976 | D:4      | Reached XP level 7. HP: 36/50 MP: 7/11
  4115 | D:4      | Identified a potion of haste
  4117 | D:4      | Identified a ring of see invisible (You found it on level 4
                  | of the Dungeon)
  4295 | D:4      | Found a white marble altar of Elyvilon.
  4462 | D:4      | Killed HendSelp's ghost
  4463 | D:4      | Reached skill level 1 in Summonings
  4486 | D:5      | Entered Level 5 of the Dungeon
  4494 | D:5      | Identified a +0 dagger
  4494 | D:5      | Identified a +0 robe
  4494 | D:5      | Identified a +0 leather armour
  4494 | D:5      | Identified a +0 hand axe
  4511 | D:5      | Identified a +0 short sword
  4511 | D:5      | Identified a +0 chain mail
  4528 | D:5      | Identified a +0 spear
  4588 | D:5      | Reached skill level 2 in Polearms
  4654 | D:5      | Reached skill level 6 in Ice Magic
  4659 | D:5      | Identified a +0 hunting sling (You found it on level 5 of
                  | the Dungeon)
  4757 | D:5      | Reached XP level 8. HP: 57/57 MP: 9/13
  4766 | D:5      | Found a hide-covered altar of Uskayaw.
  4773 | D:5      | Identified a +0 dagger
  4773 | D:5      | Identified a +0 leather armour
  4843 | D:5      | Identified a scroll of random uselessness
  5395 | D:6      | Found a staircase to the Ecumenical Temple.
  5427 | D:6      | Got a pitted whip
  5428 | D:6      | Identified the +8 whip "Bynneq" {vorpal, rF+} (You found it
                  | on level 6 of the Dungeon)
  5441 | Temple   | Entered the Ecumenical Temple
  5517 | Temple   | Became a worshipper of Sif Muna the Loreminder
  5677 | D:6      | Identified a +0 hand axe
  5677 | D:6      | Identified a +0 plate armour
  5677 | D:6      | Identified a +0 halberd
  5677 | D:6      | Identified a +3 plate armour
  5694 | D:6      | HP: 12/57 [orc warrior/+0 hand axe (14)]
  5696 | D:6      | Reached skill level 3 in Fighting
  5696 | D:6      | Reached skill level 3 in Armour
  5697 | D:6      | Slain by an orc warrior

Table legend: (Time is in decaauts)
 A = Elapsed time spent in this place.
 B = Non-inter-level travel time spent in this place.
 C = Inter-level travel time spent in this place.
 D = Time resting spent in this place.
 E = Time spent auto-exploring this place.
 F = Levels seen in this place.
 G = Mean time per level.
                   A        B        C        D        E       F      G
               +--------+--------+--------+--------+--------+-----+--------+
         Total |   5727 |   5205 |    522 |   1223 |   3079 |   7 |  818.1 |
       Dungeon |   5641 |   5145 |    496 |   1223 |   3021 |   6 |  940.2 |
        Temple |     85 |     59 |     26 |      0 |     58 |   1 |   85.0 |
               +--------+--------+--------+--------+--------+-----+--------+

Top non-repeatable levels by time:
     D:1: 1319 daAuts
     D:3: 1187 daAuts
     D:2: 1153 daAuts
     D:5: 909 daAuts
     D:4: 846 daAuts
     D:6: 225 daAuts
  Temple: 85 daAuts

Table legend:
 A = Kills in this place as a percentage of kills in entire the game.
 B = Kills by you in this place as a percentage of kills by you in the entire game.
 C = Kills by friends in this place as a percentage of kills by friends in the entire game.
 D = Other kills in this place as a percentage of other kills in the entire game.
 E = Experience gained in this place as a percentage of experience gained in the entire game.
 F = Experience gained in this place divided by the number of levels of this place that you have seen.
                   A       B       C       D       E      F
               +-------+-------+-------+-------+-------+----------------------
         Total | 100.0 | 100.0 |   N/A |   N/A | 100.0 | 189.9
       Dungeon | 100.0 | 100.0 |   N/A |   N/A | 100.0 | 221.5
               +-------+-------+-------+-------+-------+----------------------

Skill      XL: |  1  2  3  4  5  6  7  8 |
---------------+-------------------------+-----
Fighting       | 1 2 3 |  3.0
Armour         | 1 2 3 |  3.0
Ice Magic      | 5 6 |  6.3
Polearms       | 1 2 |  2.4
Dodging        | 3 |  3.6
Spellcasting   | 3 |  3.5
Summonings     | 1 |  1.9
Stealth        | |  2.0
Invocations    | |  0.3
Evocations     | |  0.2

Action                   |  1- 3 |  4- 6 |  7- 9 || total
-------------------------+-------+-------+-------++-------
Melee: Short sword       |    76 |       |       ||    76
       Dagger            |       |    32 |     4 ||    36
       Trident           |       |    52 |    84 ||   136
Throw: Dart              |       |     3 |     2 ||     5
 Cast: Freeze            |    21 |     8 |       ||    29
       Frozen Ramparts   |     2 |     5 |    11 ||    18
  Use: Scroll            |     5 |     7 |     3 ||    15
 Stab: Sleeping          |     5 |     1 |       ||     6
Armor: Robe              |    13 |       |       ||    13
       Leather armour    |     8 |     3 |       ||    11
       Ring mail         |       |    21 |    29 ||    50
Dodge: Dodged            |    47 |    36 |    46 ||   129

Vanquished Creatures
  A sky beast (D:5)
  An ogre (D:4)
  A black bear (D:6)
  The ghost of HendSelp the Covered, an amateur HuFi (D:4)
  A howler monkey (D:5)
  A hound (D:4)
  A centaur zombie (D:5)
  A quasit (D:5)
  An orc priest (D:3)
  Crazy Yiuf (D:3)
  A jelly (D:5)
  Terence (D:3)
  3 orc wizards
  2 worker ants
  8 gnolls
  4 adders
  A shadow imp (D:5)
  2 adder skeletons
  2 worms
  3 dart slugs
  3 leopard geckos
  8 orcs
  4 giant cockroaches
  4 hobgoblins
  2 jackals (D:4)
  A quokka (D:6)
  7 bats
  4 frilled lizards
  3 goblins
  15 kobolds
  A leopard gecko skeleton (D:4)
  10 rats
99 creatures vanquished.
